 Dungeon Sprint DCSS version 0.30-a0-1161-g0704695555 (webtiles) character file.

Game seed: 15154408922487367531

4291 123456 the Warrior (level 10, -4/108 HPs)
             Began as a Minotaur Fighter on Apr 27, 2023.
             Was an Initiate of Gozag.
             Slain by a komodo dragon (11 damage)
             ... in the Dungeon (Sprint IX: "|||||||||||||||||||||||||||||").
             The game lasted 00:03:15 (847 turns).

123456 the Warrior (Minotaur Fighter)                Turns: 847, Time: 00:03:16

Health: -4/108     AC: 20    Str: 27    XL:     10   Next: 11%
Magic:  9/9        EV: 16    Int:  5    God:    Gozag
Gold:   1133       SH:  0    Dex: 14    Spells: 9/9 levels left

rFire   . . .        n - +2 dire flail (protect)
rCold   . . .        (shield currently unavailable)
rNeg    . . .        b - +2 ring mail
rPois   .            (helmet restricted)
rElec   .            (no cloak)
rCorr   .            (no gloves)
SInv    .            a - +2 pair of boots
Will    .....        (no amulet)
Stlth   +            c - +3 ring of strength
HPRegen 0.38/turn    o - +3 ring of strength
MPRegen 0.11/turn

%: no teleportation
@: under a protective aura
A: horns 2, retaliatory headbutt
a: Renounce Religion, Potion Petition, Call Merchant, Bribe Branch


You were in the Dungeon.
You worshipped Gozag.
Gozag was most pleased with you.
You visited 1 branch You collected 1133 gold pieces.

Inventory:

Hand Weapons
 n - a +2 dire flail of protection (weapon)
Armour
 a - a +2 pair of boots (worn)
 b - a +2 ring mail (worn)
Jewellery
 c - a +3 ring of strength (left hand)
 o - a +3 ring of strength (right hand)
Wands
 m - a wand of iceblast (9)
Scrolls
 j - 5 scrolls of blinking
 l - 2 scrolls of amnesia
 q - a scroll of fear
Potions
 d - 2 potions of might
 e - 7 potions of curing
 f - 3 potions of heal wounds
 g - 2 potions of haste
 h - 4 potions of magic
 i - a potion of berserk rage
 k - a potion of invisibility
 p - a potion of brilliance


   Skills:
 * Level 16.7 Fighting
 * Level 16.4 Maces & Flails
 + Level 12.2 Armour
 + Level 10.7 Dodging
 - Level 3.6 Shields


You had 9 spell levels left.
You didn't know any spells.
Your spell library was empty.

Dungeon Overview and Level Annotations

Branches:
Dungeon (1/1)

Altars:
Cheibriados
Dithmenos
Elyvilon
Fedhas
Gozag
Hepliaklqana
Kikubaaqudgha
Makhleb
Nemelex Xobeh
Okawaru
Qazlal
Ru
Sif Muna
Trog
Uskayaw
Vehumet
Wu Jian
Xom
Yredelemnul
Zin
The Shining One
Jiyva
Lugonu


Innate Abilities, Weirdness & Mutations

You have a pair of horns on your head.
You reflexively headbutt those who attack you in melee.


Message History

The cane toad is distracted by your dazzling golden aura.
The komodo dragon hisses menacingly.
The komodo dragon bites you!!
* * * LOW HITPOINT WARNING * * *
The water moccasin is distracted by your dazzling golden aura.
The water moccasin hisses angrily.
You turn to flesh and can move again.
The cane toad croaks.
The water moccasin hisses angrily.
You hit the komodo dragon.
Your weapon exudes an aura of protection.
The komodo dragon is lightly wounded.
The water moccasin is no longer distracted by gold.
The komodo dragon bites you.
* * * LOW HITPOINT WARNING * * *
You feel much better.
The water moccasin is no longer distracted by gold.
The komodo dragon barely misses you. You furiously retaliate!
You headbutt the komodo dragon.
Unknown command.
You hit the komodo dragon but do no damage.
The komodo dragon is lightly wounded.
You hit the komodo dragon.
The komodo dragon is lightly wounded.
The komodo dragon bites you!!
* * * LOW HITPOINT WARNING * * *
You hit the komodo dragon but do no damage.
Your headbutt misses the komodo dragon.
The komodo dragon is lightly wounded.
You hit the komodo dragon.
You headbutt the komodo dragon, but do no damage.
The komodo dragon is lightly wounded.
The cane toad is no longer distracted by gold.
The komodo dragon misses you. You furiously retaliate!
You headbutt the komodo dragon!
You hit the komodo dragon but do no damage.
You headbutt the komodo dragon!
The komodo dragon is severely wounded.
The komodo dragon bites you!
You die...
Your body crumbles into a pile of gold. $$$$$$$$$$ $$$$$$$$$$$$$

▓▓▓▓▓▓▓▓▓▓▓▓▓▓▓▓▓▓▓▓▓▓▓▓
..FSSSl@......|[.....'..
▓▓▓▓▓▓▓▓▓▓▓▓▓▓▓▓▓▓▓▓▓▓▓▓▓▓▓▓▓▓▓▓▓
.................................
▓▓▓▓▓▓▓▓▓▓▓▓▓▓▓▓▓▓▓▓▓▓▓▓▓▓▓▓▓▓▓▓▓
_____________________'....)†....)
▓▓▓▓▓▓▓▓▓▓▓▓▓▓▓▓▓▓▓▓▓▓▓▓▓▓▓▓▓▓▓▓▓


You could see a komodo dragon, a cane toad and 3 water moccasins.

Vanquished Creatures
  A catoblepas (D)
  A boulder beetle (D)
  2 manticores (D)
  A cane toad (D)
  An unseen horror (shapeshifter) (D)
  A gargoyle (D)
  A komodo dragon (D)
  A rime drake (D)
  A meliai (D)
  3 yaks (D)
  A slime creature (D)
  A wraith (D)
  A centaur (D)
  A kobold brigand (D)
  3 adders (D)
  2 endoplasms (D)
  2 hobgoblins (D)
  A kobold (D)
  A quokka (D)
26 creatures vanquished.

Notes
Turn   | Place    | Note
-------+----------+-------------------------------------------
     0 | D        | 123456 the Minotaur Fighter began the quest for the Orb.
     0 | D        | Reached XP level 1. HP: 19/19 MP: 0/0
    10 | D        | Reached skill level 1 in Dodging
    21 | D        | Noticed a centaur
    27 | D        | Reached skill level 5 in Fighting
    27 | D        | Reached XP level 2. HP: 29/29 MP: 1/1
    36 | D        | Reached XP level 3. HP: 21/37 MP: 2/2
    39 | D        | Killed a centaur
    40 | D        | Reached skill level 5 in Armour
    40 | D        | Reached XP level 4. HP: 23/47 MP: 3/3
   130 | D        | Found a snail-covered altar of Cheibriados.
   130 | D        | Found a shadowy altar of Dithmenos.
   130 | D        | Found a white marble altar of Elyvilon.
   130 | D        | Found a blossoming altar of Fedhas.
   130 | D        | Found an opulent altar of Gozag.
   131 | D        | Found a hazy altar of Hepliaklqana.
   132 | D        | Found a viscous altar of Jiyva.
   133 | D        | Found an ancient bone altar of Kikubaaqudgha.
   134 | D        | Found a corrupted altar of Lugonu.
   135 | D        | Found a burning altar of Makhleb.
   136 | D        | Found a sparkling altar of Nemelex Xobeh.
   137 | D        | Found an iron altar of Okawaru.
   138 | D        | Found a stormy altar of Qazlal.
   142 | D        | Became a worshipper of Gozag Ym Sagoz the Greedy
   152 | D        | Found a sacrificial altar of Ru.
   153 | D        | Found a shimmering blue altar of Sif Muna.
   154 | D        | Found a bloodstained altar of Trog.
   155 | D        | Found a hide-covered altar of Uskayaw.
   156 | D        | Found a radiant altar of Vehumet.
   157 | D        | Found an ornate altar of the Wu Jian Council.
   158 | D        | Found a shimmering altar of Xom.
   159 | D        | Found a basalt altar of Yredelemnul.
   160 | D        | Found a glowing silver altar of Zin.
   161 | D        | Found a glowing golden altar of the Shining One.
   218 | D        | Noticed a kobold brigand
   218 | D        | Noticed a yak
   218 | D        | Noticed a yak
   218 | D        | Noticed a yak
   218 | D        | Noticed a wraith
   218 | D        | Noticed a gargoyle
   225 | D        | Killed a gargoyle
   226 | D        | Reached skill level 10 in Fighting
   226 | D        | Reached skill level 10 in Maces & Flails
   226 | D        | Reached XP level 5. HP: 28/59 MP: 4/4
   226 | D        | Reached XP level 6. HP: 32/67 MP: 5/5
   232 | D        | Killed a wraith
   233 | D        | Reached XP level 7. HP: 44/74 MP: 6/6
   236 | D        | Killed a yak
   239 | D        | Killed a yak
   245 | D        | Killed a yak
   253 | D        | Reached XP level 8. HP: 31/85 MP: 7/7
   412 | D        | Noticed a slime creature
   412 | D        | Noticed a manticore
   412 | D        | Noticed a boulder beetle
   412 | D        | Noticed a meliai
   412 | D        | Noticed a manticore
   414 | D        | Killed a manticore
   419 | D        | Killed a meliai
   420 | D        | Reached skill level 10 in Armour
   434 | D        | Killed a manticore
   435 | D        | Reached XP level 9. HP: 30/96 MP: 8/8
   444 | D        | Killed an unseen horror
   450 | D        | Reached skill level 15 in Fighting
   453 | D        | Killed a boulder beetle
   454 | D        | Reached skill level 15 in Maces & Flails
   454 | D        | Reached skill level 10 in Dodging
   794 | D        | Noticed a catoblepas
   794 | D        | Noticed a komodo dragon
   794 | D        | Noticed a komodo dragon
   794 | D        | Noticed a rime drake
   794 | D        | Noticed a cane toad
   796 | D        | Killed a cane toad
   813 | D        | Killed a rime drake
   817 | D        | Noticed a cane toad
   829 | D        | Killed a catoblepas
   830 | D        | Reached XP level 10. HP: 62/108 MP: 9/9
   847 | D        | Slain by a komodo dragon

Illustrated notes

Levels and vault maps discovered:
D:        linesprint [early_d, line_temple, items_1, d_10, items_2, lair_1,
          lair_end, items_3, orc_1, orc_end, items_4, d_15, swamp_1, shoals_1,
          snake_1, spider_1, d_20, vaults_1, items_5, swamp_end, shoals_end,
          snake_end, spider_end, vaults_end, d_27, items_6, zot_1, zot_end,
          crypt_end, forest_end, elf_end, slime_end, tomb_end, abyss_end,
          pan_hell_end]

Skill      XL: |  1  2  3  4  5  6  7  8  9 |
---------------+----------------------------+-----
Fighting       | 5 7 10 11 12 14 16 | 16.7
Maces & Flails | 4 6 10 12 14 16 | 16.4
Dodging        | 1 2 3 6 7 9 10 | 10.7
Armour         | 4 5 7 8 9 10 12 | 12.2
Shields        | |  3.6

Action                     |  1- 3 |  4- 6 |  7- 9 | 10-12 || total
---------------------------+-------+-------+-------+-------++-------
  Melee: Flail             |    25 |     1 |       |       ||    26
         Headbutt          |     3 |     2 |    21 |     3 ||    29
         Dire flail        |       |    11 |    66 |     8 ||    85
  Evoke: Wand              |       |     1 |       |       ||     1
    Use: Potion            |       |     1 |       |     1 ||     2
         Scroll            |       |       |     2 |       ||     2
   Stab: Petrified         |       |       |     2 |       ||     2
 Armour: Scale mail        |    14 |     1 |       |       ||    15
         Ring mail         |       |     1 |    29 |     3 ||    33
  Dodge: Dodged            |     9 |     6 |    28 |     3 ||    46
  Block: Buckler           |     8 |       |       |       ||     8

Table legend: (Time is in decaauts)
 A = Elapsed time spent in this place.
 B = Non-inter-level travel time spent in this place.
 C = Inter-level travel time spent in this place.
 D = Time resting spent in this place.
 E = Time spent auto-exploring this place.
 F = Levels seen in this place.
 G = Mean time per level.
                   A        B        C        D        E       F      G
               +--------+--------+--------+--------+--------+-----+--------+
         Total |    841 |    841 |      0 |    447 |    110 |   1 |  841.0 |
       Dungeon |    841 |    841 |      0 |    447 |    110 |   1 |  841.0 |
               +--------+--------+--------+--------+--------+-----+--------+

Top non-repeatable levels by time:
       D: 841 daAuts
